 Dungeon Crawl Stone Soup version 0.28.0-43-g3370ac3207 (webtiles) character file.

Game seed: 16055536143428895002

128 Pinkishskies the Covered (level 4, -1/41 HPs)
             Began as a Minotaur Fighter on Mar 8, 2022.
             Slain by a gnoll
             ... wielding a +0 flail
              (10 damage)
             ... on level 4 of the Dungeon.
             The game lasted 00:05:03 (2362 turns).

Pinkishskies the Covered (Minotaur Fighter)         Turns: 2362, Time: 00:05:04

Health: -1/41      AC:  7    Str: 23    XL:     4   Next: 86%
Magic:  3/3        EV:  9    Int:  5    God:
Gold:   118        SH:  4    Dex:  9    Spells: 3/3 levels left

rFire   . . .      SeeInvis .   m - +1 long sword (vorpal)
rCold   . . .      Faith    +   c - +0 buckler
rNeg    . . .      Spirit   .   b - +0 scale mail
rPois   .          Reflect  .   (helmet restricted)
rElec   .          Harm     .   (no cloak)
rCorr   .          Rampage  .   (no gloves)
Will    .....                   (no boots)
Stlth   ..........              j - amulet of faith
HPRegen 0.13/turn               (no ring)
MPRegen 0.08/turn               (no ring)

@: mighty
A: horns 2, retaliatory headbutt
a: no special abilities


You were on level 4 of the Dungeon.
You visited 1 branch of the dungeon, and saw 4 of its levels.

You collected 118 gold pieces.

Inventory:

Hand Weapons
 a - a +0 war axe
 m - a +1 vorpal long sword (weapon)
Armour
 b - a +0 scale mail (worn)
 c - a +0 buckler (worn)
Jewellery
 j - an amulet of faith (around neck)
Scrolls
 e - 2 scrolls of magic mapping {unknown}
 f - a scroll of identify {unknown}
 g - a scroll of vulnerability {unknown}
 k - a scroll of fog {unknown}
 l - a scroll of enchant armour {unknown}
Potions
 d - a potion of might
 h - 2 potions of curing {unknown}
 i - 2 potions of degeneration {unknown}
 n - a potion of mutation {unknown}


   Skills:
 + Level 4.5 Fighting
 * Level 1.4 Long Blades
 - Level 3.7 Axes
 + Level 4.6 Armour
 + Level 0.9 Dodging
 + Level 4.0 Shields


You had 3 spell levels left.
You didn't know any spells.
Your spell library contained the following spells:

 Spells                   Type           Power      Damage    Failure   Level
 Animate Skeleton         Necr           0%         N/A       86%         1
 Pain                     Necr           0%         1d4       86%         1
 Confusing Touch          Hex            0%         N/A       99%         3
 Vampiric Draining        Necr           0%         2d6       99%         3
 Yara's Violent Unravell  Hex/Tmut       0%         3d3       100%        5
 Enfeeble                 Hex            0%         N/A       100%        7


Dungeon Overview and Level Annotations

Branches:
Dungeon (4/15)
 Temple: D:4-7

Altars:
Vehumet
Xom


Innate Abilities, Weirdness & Mutations

You have a pair of horns on your head.
You reflexively headbutt those who attack you in melee.


Message History

There is an open door here.
There is an escape hatch in the floor here.
There is an escape hatch in the floor here.
Things that are here:
a +0 dagger; a goblin corpse Done exploring.
Done exploring.
There is an open door here.
There is an open door here.
There is an escape hatch in the floor here.
You slide downwards.
The hatch slams shut behind you.
A gnoll comes into view. It is wielding a +0 flail.
The gnoll shouts!
You hear a shout! x3
A gnoll shaman and 2 gnolls come into view.
The gnoll shouts!
You slash the gnoll!
You kill the gnoll!
The gnoll shaman hits you with a +0 whip!
You see here a +0 flail.
You hit the gnoll shaman but do no damage.
The gnoll shaman hits you with a +0 whip.
You closely miss the gnoll shaman. The gnoll shaman closely misses you.
The gnoll hits you from afar with a +0 halberd.
You hit the gnoll shaman but do no damage.
You headbutt the gnoll shaman, but do no damage.
The gnoll shaman hits you with a +0 whip.
The gnoll hits you from afar with a +0 halberd.
You slash the gnoll shaman! Your headbutt misses the gnoll shaman.
The gnoll shaman is heavily wounded.
The gnoll shaman hits you with a +0 whip.
You block the gnoll's attack.
You are too injured to fight recklessly!
You feel very mighty all of a sudden. The gnoll shaman barely misses you.
You block the gnoll's attack.
You slice the gnoll shaman!!
You kill the gnoll shaman!
The gnoll hits you from afar with a +0 halberd!
* * * LOW HITPOINT WARNING * * *
The gnoll hits you with a +0 flail!
You die...

.... ..# ## ..# .
....#####
+#.#..... ......
##########.#.##
#......@g.....#
#.#######g#####
#.#gg.g..........
#.#.#####........
#.# ......... #.#
#.#.#....
#.##############.
#..............
###############


You could see 2 gnolls.

Vanquished Creatures
  A gnoll shaman (D:4)
  Jessica (D:3)
  A gnoll (D:4)
  3 adders (D:2)
  A worm (D:2)
  A dart slug (D:2)
  An orc (D:3)
  6 bats
  3 endoplasms
  A giant cockroach (D:3)
  7 goblins
  8 hobgoblins
  6 jackals
  4 kobolds
  3 quokkas
  2 frilled lizards
  5 rats
54 creatures vanquished.

Notes
Turn   | Place    | Note
-------+----------+-------------------------------------------
     0 | D:1      | Pinkishskies the Minotaur Fighter began the quest for the
                  | Orb.
     0 | D:1      | Reached XP level 1. HP: 19/19 MP: 0/0
   243 | D:1      | Reached XP level 2. HP: 25/27 MP: 1/1
   479 | D:1      | Found a faded altar of an unknown god.
   799 | D:2      | Reached XP level 3. HP: 33/33 MP: 2/2
  1301 | D:2      | Reached XP level 4. HP: 41/41 MP: 3/3
  1528 | D:3      | Found a shimmering altar of Xom.
  1631 | D:3      | Found a radiant altar of Vehumet.
  1941 | D:3      | Noticed Jessica
  1951 | D:3      | Killed Jessica
  1952 | D:3      | Reached skill level 1 in Long Blades
  2362 | D:4      | Slain by a gnoll

Illustrated notes

Levels and vault maps discovered:
D:1:      pf_arrival_petrified_forest, layout_loops_ring,
          hellmonk_ecumenical_altar_dog_temple, grunt_decor_resistance
D:2:      layout_basic
D:3:      layout_loops_ring, nicolae_vehumet_altar_sigil,
          mainiacjoe_overflow_cross_hatched, minmay_misc_feat_chi,
          minmay_door_square, uniq_jessica
D:4:      layout_basic, mainiacjoe_overflow_concentric_impassable,
          amethyst_overflow_temple_binary, minmay_temple_entry_slanted,
          serial_forest, infiniplex_forest_end_2, infiniplex_forest_lined_2,
          infiniplex_forest_straight_2, infiniplex_forest_end_1,
          infiniplex_forest_lined_room_2, infiniplex_forest_end_1,
          infiniplex_forest_clump_tiny, hex_medium, solitary_fountain

Skill      XL: |  1  2  3  4 |
---------------+-------------+-----
Armour         | 4 |  4.6
Fighting       | 4 |  4.5
Axes           | 3 |  3.7
Shields        | 4 |  4.0
Long Blades    | 1 |  1.4
Dodging        | |  0.9

Action                   |  1- 3 |  4- 6 || total
-------------------------+-------+-------++-------
Melee: War axe           |    90 |    16 ||   106
       Headbutt          |     7 |     4 ||    11
       Long sword        |       |    24 ||    24
  Use: Potion            |       |     2 ||     2
Armor: Scale mail        |    42 |    15 ||    57
Dodge: Dodged            |    49 |    18 ||    67
Block: Buckler           |    23 |     6 ||    29
